 Dungeon Crawl Stone Soup version 0.21-a0-515-g8d4ebbe (webtiles) character file.

107 Spazmo the Magician (level 4, -6/24 HPs)
             Began as a Deep Elf Fire Elementalist on Dec 2, 2017.
             Mangled by Grinder (7 damage)
             ... while paralysed by Grinder
             ... on level 3 of the Dungeon.
             The game lasted 00:04:35 (1806 turns).

Spazmo the Magician (Deep Elf Fire Elementalist)    Turns: 1806, Time: 00:04:36

Health: -6/24      AC:  2    Str:  5    XL:     4   Next: 56%
Magic:  0/12       EV:  2    Int: 21    God:
Gold:   125        SH:  0    Dex: 15    Spells: 5/11 levels left

rFire    . . .     SeeInvis .   e - -2 club (curse)
rCold    . . .     Gourm    .   (no shield)
rNeg     . . .     Faith    .   a - +0 robe
rPois    .         Spirit   .   (no helmet)
rElec    .         Reflect  +   (no cloak)
rCorr    .         Harm     .   (no gloves)
MR       .....                  (no boots)
Stlth    ++........             m - +2 amulet of reflection
HPRegen  0.08/turn              g - ring of flight
MPRegen  0.13/turn              (no ring)

@: paralysed
A: no striking features
a: Evoke Flight


You were on level 3 of the Dungeon.
You were not hungry.

You visited 1 branch of the dungeon, and saw 3 of its levels.

You collected 125 gold pieces.

Inventory:

Hand Weapons
 e - a cursed -2 club (weapon)
Missiles
 j - 51 poisoned needles
 k - 82 stones (quivered)
Armour
 a - a +0 robe (worn)
Jewellery
 g - a ring of flight (left hand)
 m - a +2 amulet of reflection (around neck)
Scrolls
 d - 2 scrolls of identify
 f - 2 scrolls of teleportation
 h - a scroll of amnesia
Books
 b - a book of Flames

   Spells                             Type                      Level
   a - Flame Tongue                   Conjuration/Fire             1
   b - Throw Flame                    Conjuration/Fire             2
   c - Conjure Flame                  Conjuration/Fire             3
   d - Inner Flame                    Hexes/Fire                   3
   e - Sticky Flame                   Conjuration/Fire             4
   f - Fireball                       Conjuration/Fire             5
Comestibles
 c - 2 bread rations
 i - a meat ration
 l - a royal jelly
 n - 5 chunks of flesh


   Skills:
 - Level 3.0 Dodging
 - Level 3.0 Stealth
 + Level 4.2 Spellcasting
 + Level 2.6 Conjurations
 + Level 4.1 Fire Magic


You had 5 spell levels left.
You knew the following spells:

 Your Spells              Type           Power        Failure   Level  Hunger
a - Flame Tongue          Conj/Fire      ###..        3%          1    None
b - Throw Flame           Conj/Fire      ###...       4%          2    #......
c - Conjure Flame         Conj/Fire      ###.....     9%          3    ###....


Dungeon Overview and Level Annotations

Branches:
Dungeon (3/15)

Altars:
Fedhas
Wu Jian

Annotations:
D:3 Grinder


Message History

Aim: Grinder (almost dead)
The flame tongue misses Grinder.
Casting: Flame Tongue
Confirm with . or Enter, or press ? or * to list all spells.
Aiming: Flame Tongue
Press: ? - help, Shift-Dir - straight line, f/p - Grinder
Aim: Grinder (almost dead)
The flame tongue hits Grinder.
Grinder is almost dead.
Grinder gestures at you.
You suddenly lose the ability to move!
Grinder drinks a potion.
Grinder is healed!
Your magical contamination has completely faded away.
Grinder gestures at you. You resist with significant effort.
Grinder gestures at you. Pain shoots through your body!
* * * LOW HITPOINT WARNING * * *
Grinder hits you!
You die...

.# ##...## #.# .#
##'####### #.# .##
#.......# #.# ..#
####.#####.# #.# #.#
#.....####.# #.# #.#
##........#.# #.# #.#
##.......#)#.# #.#
#.######.......##.#.# #.#
#..............5@...#####.#
########.......##.........#
##.....#############
##....# ######.#.#
.........# .######..# #..#
#.........


You could see Grinder.

Vanquished Creatures
  2 orc wizards (D:3)
  A dart slug (D:1)
  A leopard gecko (D:1)
  3 orcs (D:3)
  A ball python (D:2)
  5 bats
  2 giant cockroaches (D:2)
  8 goblins
  6 hobgoblins
  2 jackals (D:1)
  3 frilled lizards
  4 kobolds
  5 rats (D:1)
43 creatures vanquished.

Notes
Turn   | Place    | Note
-------+----------+-------------------------------------------
     0 | D:1      | Spazmo the Deep Elf Fire Elementalist began the quest for the Orb.
     0 | D:1      | Reached XP level 1. HP: 10/10 MP: 6/6
   134 | D:1      | Reached XP level 2. HP: 15/15 MP: 4/8
   138 | D:1      | Learned a level 2 spell: Throw Flame
   639 | D:1      | Reached XP level 3. HP: 19/19 MP: 5/9
   845 | D:2      | Found an ornate altar of the Wu Jian Council.
   851 | D:2      | Learned a level 3 spell: Conjure Flame
  1090 | D:2      | Found a blossoming altar of Fedhas.
  1618 | D:3      | Reached XP level 4. HP: 24/24 MP: 3/11
  1763 | D:3      | Noticed Grinder
  1774 | D:3      | Paralysed by Grinder for 3 turns
  1802 | D:3      | Paralysed by Grinder for 7 turns
  1805 | D:3      | HP: 1/24 [Grinder/nerve-wracking pain (6)]
  1806 | D:3      | Mangled by Grinder

Vault maps used:
D:1:      minmay_arrival_four_houses
D:2:      lemuel_crystal_altar, minmay_misc_feat_chi, fedhas_altar_2
D:3:      uniq_grinder, uniq_terence, uniq_sigmund

Skill      XL: |  1  2  3  4 |
---------------+-------------+-----
Stealth        | 3 |  3.0
Dodging        | 3 |  3.0
Conjurations   | 2 |  2.6
Fire Magic     | 4 |  4.1
Spellcasting   | 4 |  4.2

Action                   |  1- 3 |  4- 6 || total
-------------------------+-------+-------++-------
Melee: Club              |       |     4 ||     4
 Cast: Flame Tongue      |    61 |    15 ||    76
       Throw Flame       |     1 |     2 ||     3
  Use: Scroll            |     4 |       ||     4
  Eat: Chunk             |     1 |     2 ||     3
Armor: Robe              |     7 |     1 ||     8
Dodge: Dodged            |    15 |     2 ||    17
Block: Other             |       |     2 ||     2

Table legend:
 A = Spawn XP
 B = Non-spawn XP
 C = Spawn XP percentage of total XP
 D = Spawn monster count
 E = Non-spawn monster count
 F = Spawn count percentage of total count
 G = Total turns spent on level
                    A         B        C        D         E        F      G
               +---------+---------+-------+---------+---------+-------+---------
         Total |       0 |     153 |   0.0 |       0 |      43 |   0.0 |  1806
               +---------+---------+-------+---------+---------+-------+---------
           D:1 |       0 |      41 |   0.0 |       0 |      24 |   0.0 |   831
           D:2 |       0 |      19 |   0.0 |       0 |      12 |   0.0 |   653
           D:3 |       0 |      93 |   0.0 |       0 |       7 |   0.0 |   322
               +---------+---------+-------+---------+---------+-------+---------
